 Dungeon Crawl Stone Soup version 0.21.1-1-g345015f (webtiles) character file.

40 Flooderbenga the Grave Robber (level 3, 0/25 HPs)
             Began as a Gnoll Necromancer on Apr 10, 2018.
             Slain by Grinder (6 damage)
             ... on level 3 of the Dungeon.
             The game lasted 00:15:07 (745 turns).

Flooderbenga the Grave Robber (Gnoll Necromancer)    Turns: 745, Time: 00:15:08

Health: 0/25       AC:  3    Str: 15    XL:     3   Next: 50%
Magic:  9/9        EV: 14    Int: 18    God:
Gold:   117        SH:  0    Dex: 15    Spells: 7/12 levels left

rFire    . . .     SeeInvis +   u - +2 short sword (protect)
rCold    . . .     Gourm    .   (no shield)
rNeg     . . .     Faith    .   a - +1 robe
rPois    .         Spirit   .   (no helmet)
rElec    .         Reflect  .   (no cloak)
rCorr    .         Harm     .   (no gloves)
MR       .....                  (no boots)
Stlth    +++.......             (no amulet)
HPRegen  0.08/turn              f - ring of see invisible
MPRegen  0.11/turn              (no ring)

@: mighty
A: distributed training, fangs 1, strong nose
a: no special abilities


You were on level 3 of the Dungeon.
You were not hungry.

You visited 1 branch of the dungeon, and saw 3 of its levels.

You collected 117 gold pieces.

Inventory:

Hand Weapons
 o - a +0 spear
 s - a +0 longbow
 t - a +0 dagger
 u - a +2 short sword of protection (weapon)
Missiles
 d - 20 stones (quivered)
 e - 16 arrows
Armour
 a - a +1 robe (worn)
Jewellery
 f - a ring of see invisible (left hand)
Scrolls
 g - 2 scrolls of enchant armour
 i - a scroll of remove curse {unknown}
 j - a scroll of magic mapping {unknown}
 k - a scroll of teleportation {unknown}
 p - a scroll of amnesia {unknown}
 q - a scroll of enchant weapon {unknown}
 r - 3 scrolls of identify {@r1}
 w - a scroll of blinking {unknown}
Potions
 h - a potion of brilliance
 m - a potion of magic {unknown}
 n - a potion of heal wounds {unknown}
 v - a potion of curing {unknown}
 x - a potion of cancellation {unknown}
Books
 b - a book of Necromancy

   Spells                             Type                      Level
   a - Pain                           Necromancy                   1
   b - Animate Skeleton               Necromancy                   1
   c - Vampiric Draining              Necromancy                   3
   d - Regeneration                   Charms/Necromancy            3
   e - Animate Dead                   Necromancy                   4
   f - Borgnjor's Vile Clutch         Necromancy/Earth             5
Comestibles
 c - 3 rations


   Skills:
 + Level 0.8 Fighting
 + Level 0.8 Short Blades
 + Level 0.8 Long Blades
 + Level 0.8 Axes
 + Level 0.8 Maces & Flails
 + Level 0.8 Polearms
 + Level 0.8 Staves
 + Level 0.8 Slings
 + Level 0.8 Bows
 + Level 0.8 Crossbows
 + Level 0.8 Throwing
 + Level 0.8 Armour
 + Level 4.5 Dodging
 + Level 4.1 Stealth
 + Level 0.8 Shields
 + Level 0.8 Unarmed Combat
 + Level 5.0 Spellcasting
 + Level 0.5 Conjurations
 + Level 0.5 Hexes
 + Level 0.5 Charms
 + Level 0.5 Summonings
 + Level 7.1 Necromancy
 + Level 0.5 Translocations
 + Level 0.5 Transmutations
 + Level 0.5 Fire Magic
 + Level 0.5 Ice Magic
 + Level 0.5 Air Magic
 + Level 0.5 Earth Magic
 + Level 0.5 Poison Magic
 + Level 1.0 Invocations
 + Level 0.8 Evocations


You had 7 spell levels left.
You knew the following spells:

 Your Spells              Type           Power        Failure   Level  Hunger
a - Pain                  Necr           ####         1%          1    None
r - Regeneration          Chrm/Necr      ###.......   9%          3    ##.....
z - Animate Skeleton      Necr           N/A          1%          1    None


Dungeon Overview and Level Annotations

Branches:
Dungeon (3/15)

Altars:

Annotations:
D:3 Grinder


Innate Abilities, Weirdness & Mutations

Your experience applies equally to all skills.
You have very sharp teeth.
Your uncanny sense of smell can sniff out nearby items.


Message History

You bite Grinder, but do no damage. Grinder gestures at you.
You resist with significant effort.
Okay, then.
As you read the scroll labeled FYICVUARGHO, it crumbles to dust.
It is a scroll of enchant armour.
Your +0 robe glows green for a moment.
Grinder says, "Tell me all your secrets, or I'll kill you."
Grinder hits you!
You writhe in agony.
You take 15 damage, and have 10/25 hp.
MASSIVE DAMAGE!!
It was a potion of might.
You feel very mighty all of a sudden. Grinder hits you but does no damage.
Here: Grinder (lightly wounded)
The floor.
Unknown command.
You closely miss Grinder. Grinder hits you.
* * * LOW HITPOINT WARNING * * *
You writhe in agony.
You die...

.#..........#
............
#.........#
#.........#
#.........#
#....=....#
#.........#
#####.....@...#
#......(..5..##
###.#####......#
##...# ###.##.#
####..### #.# .#
#....## #.# .#
..#### #.. # .##
##. ## ..


You could see Grinder.

Vanquished Creatures
  An adder (D:3)
  An ooze (D:1)
  A dart slug (D:2)
  3 bats
  2 giant cockroaches (D:1)
  4 goblins
  3 hobgoblins
  3 kobolds
  2 quokkas (D:2)
  2 rats (D:1)
22 creatures vanquished.

Notes
Turn   | Place    | Note
-------+----------+-------------------------------------------
     0 | D:1      | Flooderbenga the Gnoll Necromancer began the quest for the Orb.
     0 | D:1      | Reached XP level 1. HP: 13/13 MP: 6/6
   186 | D:1      | Reached XP level 2. HP: 18/19 MP: 4/7
   410 | D:2      | Learned a level 1 spell: Animate Skeleton
   458 | D:2      | HP: 1/20 [bat (1)]
   552 | D:2      | Reached XP level 3. HP: 2/25 MP: 0/9
   557 | D:2      | Learned a level 3 spell: Regeneration
   606 | D:2      | Reached skill level 5 in Spellcasting
   688 | D:3      | Reached skill level 1 in Invocations
   740 | D:3      | Noticed Grinder
   745 | D:3      | Slain by Grinder

Skill      XL: |  1  2  3 |
---------------+----------+-----
Spellcasting   | 5 |  5.0
Invocations    | 1 |  1.0
Fighting       | |  0.8
Short Blades   | |  0.8
Long Blades    | |  0.8
Axes           | |  0.8
Maces & Flails | |  0.8
Polearms       | |  0.8
Staves         | |  0.8
Slings         | |  0.8
Bows           | |  0.8
Crossbows      | |  0.8
Throwing       | |  0.8
Armour         | |  0.8
Dodging        | |  4.5
Stealth        | |  4.1
Shields        | |  0.8
Unarmed Combat | |  0.8
Conjurations   | |  0.5
Hexes          | |  0.5
Charms         | |  0.5
Summonings     | |  0.5
Necromancy     | |  7.1
Translocations | |  0.5
Transmutations | |  0.5
Fire Magic     | |  0.5
Ice Magic      | |  0.5
Air Magic      | |  0.5
Earth Magic    | |  0.5
Poison Magic   | |  0.5
Evocations     | |  0.8

Action                   || total
-------------------------++-------
Melee: Spear             ||     2
       Short sword       ||     5
       Dagger            ||     1
       Bite              ||     1
 Fire: Longbow           ||     4
 Cast: Pain              ||    35
       Animate Skeleton  ||     2
       Regeneration      ||     2
  Use: Potion            ||     2
       Scroll            ||     2
 Stab: Sleeping          ||     5
Armor: Robe              ||     2
Dodge: Dodged            ||    18
